Map: Automaton LE

Players

Subwaymaker - Winner!

  • Race: Protoss Protoss
  • League: Gold
  • Spawn Location: 9:00

Mesrob

  • Race: Terran Terran
  • League: Platinum
  • Spawn Location: 3:00

VOD

Have the link to the VOD?

Description

Time

  • Played on: March 17, 2019, 9:02 p.m.
  • Length: 14:40
Show
View Real Time Build Order
Export as new Build Order

Subwaymaker Protoss - Winner!

Build Orders: Colossus Rush 

Get SALT Encoding   

  12  0:01  Probe  
  13  0:13  Probe  
  14  0:20  Pylon  
  14  0:25  Probe  
  15  0:37  Probe  
  15  0:40  Gateway  
  16  0:45  Probe  
  17  0:53  Probe  
  17  0:56  Assimilator  
  18  1:05  Probe  
  19  1:14  Pylon  
  19  1:17  Probe  
  20  1:28  Cybernetics Core  
  20  1:29  Probe  
  21  1:55  Nexus  
  21  2:01  Gateway  
  21  2:05  Sentry  
  23  2:12  Assimilator  
  22  2:22  Probe  
  23  2:30  Warp Gate, Probe  
  24  2:41  Stalker, Probe  
  26  2:49  Probe  
  27  2:55  Stalker  
  30  2:59  Probe  
  31  3:07  Pylon  
  31  3:11  Probe  
  32  3:16  Probe  
  32  3:17  Robotics Facility  
  32  3:19  Probe  
  33  3:24  Probe  
  34  3:27  Probe  
  34  3:33  Probe  
  36  3:37  Probe  
  38  3:43  Pylon  
  38  3:45  Probe  
  39  3:49  Probe  
  40  3:56  Assimilator  
  40  3:57  Probe  
  40  4:01  Probe  
  42  4:05  Probe  
  42  4:06  Robotics Bay  
  42  4:09  Probe  
  43  4:12  Assimilator  
  43  4:13  Probe  
  43  4:17  Observer, Probe  
  47  4:27  Stalker x2  
  47  4:30  Probe  
  51  4:32  Probe  
  53  4:43  Observer  
  54  4:50  Pylon  
  54  4:56  Probe  
  54  4:57  Probe  
  56  5:00  Stalker x2  
  56  5:02  Pylon, Nexus  
  56  5:06  Pylon  
  60  5:08  Probe  
  60  5:09  Colossus  
  67  5:23  Twilight Council  
  67  5:25  Forge  
  67  5:28  Forge  
  67  5:33  Probe x2  
  69  5:38  Shield Battery  
  69  5:41  Probe  
  69  5:42  Probe  
  69  5:48  Shield Battery  
  69  5:49  Probe  
  71  5:50  Probe  
  71  5:53  Stalker  
  71  5:56  Stalker  
  77  5:59  Probe x2  
  77  6:02  Charge  
  79  6:05  Extended Thermal Lance  
  79  6:09  Probe  
  79  6:10  Probe  
  79  6:14  Probe  
  79  6:17  Probe  
  82  6:18  Probe  
  82  6:22  Probe  
  82  6:24  Stalker  
  86  6:25  Probe  
  86  6:27  Probe  
  86  6:31  Probe  
  86  6:32  Assimilator  
  89  6:37  Assimilator  
  89  6:38  Probe  
  91  6:40  Pylon  
  91  6:43  Protoss Shields Level 1, Gateway  
  91  6:45  Gateway  
  91  6:47  Gateway  
  91  6:51  Templar Archives, Protoss Ground Weapons Level 1  
  91  6:53  Pylon  
  91  6:54  Colossus  
  97  7:11  Stalker x2  
  97  7:12  Pylon  
  97  7:15  Probe x3  
  104  7:27  Probe x2  
  106  7:33  Gateway  
  106  7:34  Gateway  
  106  7:37  Gateway  
  106  7:38  Gateway  
  106  7:44  Gateway  
  106  7:46  Gateway  
  106  7:56  Colossus  
  106  8:02  Probe x2  
  106  8:03  Probe  
  109  8:06  Nexus  
  109  8:08  Pylon  
  109  8:12  Pylon  
  115  8:14  Assimilator, Probe x2  
  115  8:15  Blink  
  115  8:19  Assimilator, Stalker  
  119  8:20  Stalker x3  
  125  8:28  High Templar x2  
  125  8:29  High Templar  
  131  8:37  Protoss Ground Weapons Level 2  
  131  8:38  Protoss Shields Level 2, High Templar x3  
  137  8:46  Shield Battery  
  137  8:47  Shield Battery  
  137  8:49  Shield Battery  
  137  8:50  Photon Cannon  
  137  8:51  Photon Cannon  
  137  8:52  Pylon  
  137  8:54  Shield Battery  
  137  9:01  Shield Battery  
  137  9:05  Shield Battery x2  
  137  9:06  High Templar x2  
  137  9:07  Photon Cannon  
  141  9:18  Pylon  
  141  9:20  Pylon  
  141  9:23  Pylon  
  141  9:30  Zealot  
  141  9:31  Zealot x7  
  157  9:42  Probe x2  
  159  9:56  Gateway  
  159  9:59  Gateway  
  159  10:01  Gateway  
  159  10:03  Gateway  
  159  10:05  Stargate  
  159  10:07  Pylon  
  159  10:08  Stargate, Gateway  
  159  10:09  Gateway  
  159  10:14  Pylon  
  159  10:17  Pylon  
  159  10:18  Pylon  
  159  10:19  Photon Cannon  
  159  10:22  High Templar x3, Photon Cannon  
  159  10:23  High Templar x2, Protoss Ground Weapons Level 3  
  159  10:24  High Templar, Protoss Shields Level 3  
  159  10:27  Archon x4  
  159  10:28  Archon x3  
  171  10:34  Photon Cannon  
  171  10:45  High Templar x4  
  171  10:47  Zealot  
  181  10:50  Zealot  
  181  10:54  Zealot x2  
  181  10:55  Zealot x5  
  197  10:58  Archon x2  
  197  11:16  Nexus  
  197  11:19  Pylon  
  197  11:20  Protoss Air Weapons Level 1  
  197  11:22  Pylon  
  197  11:26  Zealot  
  199  11:52  Pylon  
  199  11:54  Gateway  
  195  12:37  High Templar x2  
  195  12:39  Assimilator x2  
  195  12:42  Shield Battery x2, Zealot  
  195  12:43  Photon Cannon  
  200  12:44  Photon Cannon  
  200  12:45  Pylon, Photon Cannon  
  200  12:49  Pylon x2  
  178  12:58  Zealot  
  178  12:59  Zealot x7  
  178  13:00  Zealot x4  
  178  13:01  Zealot  
  178  13:04  Void Ray x2  
  188  13:07  Zealot x2  
  172  13:16  Zealot x2  
  166  13:27  High Templar  
  166  13:28  High Templar x9  
  166  13:29  High Templar x5  
  166  13:33  Archon x5  
  166  13:34  Archon x2  
  190  13:59  Zealot x2  
  186  14:04  High Templar  
  186  14:05  High Templar  
  186  14:06  Zealot x5  
  186  14:07  Zealot x6  
  186  14:08  Zealot  
  178  14:18  Zealot  
  178  14:19  Zealot x2  
  182  14:32  High Templar x5  
Show
View Real Time Build Order
Export as new Build Order

Mesrob Terran 

Build Orders: Mech 

Get SALT Encoding   

  12  0:01  SCV  
  13  0:13  SCV  
  14  0:18  Supply Depot  
  14  0:25  SCV  
  15  0:40  SCV  
  15  0:41  Barracks  
  16  0:47  Refinery  
  16  0:52  SCV  
  18  1:04  SCV  
  18  1:16  SCV  
  19  1:35  Command Center  
  19  1:39  Orbital Command  
  19  1:47  Marine  
  20  2:06  SCV  
  21  2:12  Supply Depot  
  21  2:22  Factory  
  21  2:23  Barracks Tech Lab  
  21  2:32  Refinery, SCV  
  22  2:37  Engineering Bay  
  22  2:40  Supply Depot  
  22  2:44  SCV  
  23  2:56  Orbital Command, SCV  
  24  3:08  SCV  
  25  3:13  Siege Tank  
  25  3:19  Marine  
  28  3:20  SCV  
  28  3:26  Supply Depot  
  30  3:32  Armory  
  29  3:39  SCV  
  30  3:43  Missile Turret  
  30  3:47  Missile Turret  
  30  3:51  Missile Turret, SCV  
  31  3:56  Supply Depot  
  31  4:01  Siege Tank  
  34  4:03  Marine  
  35  4:11  Supply Depot  
  35  4:14  Refinery  
  35  4:15  SCV  
  36  4:18  SCV  
  37  4:26  Supply Depot  
  37  4:27  SCV  
  37  4:29  Terran Vehicle Weapons Level 1  
  38  4:47  Refinery  
  38  4:48  Sensor Tower, SCV  
  38  4:51  SCV  
  40  5:00  SCV  
  40  5:02  Command Center  
  40  5:03  SCV  
  42  5:11  Thor  
  42  5:14  SCV  
  49  5:16  SCV  
  50  5:26  SCV  
  51  5:38  SCV  
  51  5:40  Armory  
  51  5:42  SCV  
  53  5:54  SCV  
  54  6:00  Factory  
  54  6:04  Factory  
  54  6:13  Thor  
  60  6:35  Marine  
  60  6:36  Command Center  
  61  6:43  Terran Ship Weapons Level 1  
  61  6:47  Planetary Fortress  
  61  6:55  SCV x2  
  63  7:07  SCV x2  
  65  7:15  Factory Reactor x2  
  65  7:19  SCV x2  
  67  7:24  Marine, Factory  
  67  7:27  Refinery  
  68  7:31  SCV x2  
  70  7:38  SCV  
  70  7:43  SCV x2  
  73  7:44  Supply Depot  
  73  7:51  Refinery  
  73  7:53  Refinery  
  73  7:54  SCV  
  73  7:55  SCV x2  
  77  8:00  Orbital Command  
  76  8:06  SCV  
  76  8:07  Supply Depot, SCV x2  
  76  8:08  Factory  
  76  8:11  Factory Tech Lab, Thor  
  76  8:12  Hellbat x3  
  93  8:13  Hellbat  
  93  8:17  Refinery  
  93  8:18  SCV  
  93  8:30  Supply Depot  
  93  8:38  SCV x4  
  97  8:50  SCV x4  
  97  8:55  Factory Tech Lab  
  101  8:58  Hellbat x4  
  101  8:59  Thor x2  
  101  9:02  SCV  
  122  9:04  Factory  
  122  9:07  SCV x3  
  125  9:21  Missile Turret  
  125  9:24  Missile Turret  
  125  9:30  Missile Turret  
  125  9:37  Command Center  
  125  9:40  Sensor Tower  
  125  9:48  Supply Depot  
  125  9:49  Factory  
  125  9:51  Missile Turret  
  125  9:58  Supply Depot  
  125  10:09  Missile Turret  
  125  10:10  SCV  
  125  10:11  Supply Depot  
  126  10:14  Thor x2  
  126  10:15  Thor  
  126  10:16  Factory Tech Lab  
  126  10:18  Hellbat x2  
  126  10:20  Hellbat x2  
  126  10:21  Supply Depot  
  152  10:33  Missile Turret  
  152  10:39  Supply Depot  
  152  10:45  Supply Depot  
  152  10:48  Factory  
  152  10:49  Factory Reactor  
  152  10:51  Missile Turret  
  152  10:54  Factory, Missile Turret  
  152  11:02  Supply Depot  
  152  11:05  Supply Depot  
  152  11:08  Supply Depot  
  152  11:12  Refinery  
  152  11:17  Planetary Fortress  
  152  11:18  Command Center  
  152  11:26  Supply Depot  
  152  11:31  Thor x3  
  152  11:32  Supply Depot, Thor  
  176  11:34  Terran Vehicle And Ship Armor Level 1, Command Center  
  176  11:35  Terran Vehicle Weapons Level 2  
  176  11:39  Refinery  
  176  11:41  Factory Tech Lab, Factory Reactor  
  176  11:52  Starport  
  176  11:54  Starport  
  176  12:08  Marine  
  176  12:11  Hellbat x3  
  176  12:12  Hellbat  
  184  12:26  Marine  
  185  12:30  Missile Turret  
  185  12:31  Starport  
  185  12:34  Starport  
  178  12:44  Marine  
  178  12:48  Supply Depot  
  177  12:51  Supply Depot  
  177  12:52  Supply Depot  
  171  13:02  Marine  
  171  13:05  Thor x4  
  163  13:07  Hellbat x3  
  163  13:08  Hellbat  
  163  13:12  Starport, Supply Depot  
  135  13:35  Command Center  
  133  13:50  Sensor Tower, Command Center  
  133  13:52  Thor  
Tags
 
Composition
Mech
Matchup
PvT
Replay Pack
sc2 replays
Spawn Locations
Cross Positions
Add a new tag
Caveats
  • Supply blocks, unpowered buildings, or Contaminate may cause inaccurate times.
  • Supply counts are checked every 10 seconds.